 Dungeon Crawl Stone Soup version 0.29.1-1-gd02db69 (webtiles) character file.

Game seed: 17007284887870620634

19727 Dorkslayer the Fighter (level 13, -11/103 HPs)
             Began as a Human Fighter on Oct 23, 2022.
             Was an Initiate of Gozag.
             Mangled by a cyclops (23 damage)
             ... on level 11 of the Dungeon.
             The game lasted 00:44:16 (14486 turns).

Dorkslayer the Fighter (Human Fighter)             Turns: 14486, Time: 00:44:17

Health: -11/103    AC: 23    Str: 24    XL:     13   Next: 6%
Magic:  13/13      EV:  8    Int:  9    God:    Gozag
Gold:   2756       SH:  5    Dex: 16    Spells: 12/12 levels left

rFire   + . .      SeeInvis +   j - +5 great sword
rCold   . . .      Faith    .   (shield currently unavailable)
rNeg    . . .      Spirit   .   q - +1 plate armour
rPois   +          Reflect  +   b - +2 hat {SInv}
rElec   .          Harm     .   w - +2 cloak {rPois}
rCorr   .          Rampage  .   G - +0 pair of gloves
Will    .....                   v - +0 pair of boots
Stlth   ..........              H - amulet of reflection
HPRegen 0.27/turn               K - +6 ring of strength
MPRegen 0.13/turn               C - ring of protection from fire

@: about to teleport
A: horns 1, mutation resistance 1, sense surroundings 1, MP-powered wands
a: Renounce Religion, Potion Petition, Call Merchant, Bribe Branch


You were on level 11 of the Dungeon.
You worshipped Gozag.
Gozag was most pleased with you.
You visited 1 branch of the dungeon, and saw 11 of its levels.
You also visited: Sewer, Ossuary and Bailey.

You collected 2812 gold pieces.
You paid 56 gold pieces to Gozag.

Inventory:

Hand Weapons
 j - a +5 great sword (weapon)
 z - a +3 scimitar of flaming
 F - a +0 scimitar
Missiles
 s - a boomerang (quivered)
Armour
 b - a +2 hat of see invisible (worn)
 c - a +0 buckler
 q - a +1 plate armour (worn)
 v - a +0 pair of boots (worn)
 w - a +2 cloak of poison resistance (worn)
 G - a +0 pair of gloves (worn)
Jewellery
 f - a ring of flight
 C - a ring of protection from fire (right hand)
 H - an amulet of reflection (around neck)
 J - a ring of willpower
 K - a +6 ring of strength (left hand)
Wands
 a - a wand of paralysis (7)
 y - a wand of mindburst (12)
Scrolls
 e - 7 scrolls of teleportation
 g - 4 scrolls of poison
 m - 2 scrolls of amnesia
 o - 10 scrolls of fog
 r - 4 scrolls of blinking
 x - 4 scrolls of immolation
 D - a scroll of silence
Potions
 d - a potion of mutation
 i - 4 potions of flight
 t - a potion of brilliance {unknown}
 A - a potion of ambrosia
 B - 4 potions of magic
 I - 2 potions of cancellation


   Skills:
 * Level 9.8 Fighting
 + Level 6.7(9.2) Short Blades
 + Level 9.6(10.5) Long Blades
 + Level 3.1 Throwing
 + Level 9.1 Armour
 + Level 2.0 Dodging
 + Level 4.2 Stealth
 + Level 6.5 Shields
 * Level 8.7 Evocations


You had 12 spell levels left.
You didn't know any spells.
Your spell library contained the following spells:

 Spells                   Type           Power      Damage    Failure   Level
 Gell's Gravitas          Tloc           0%         N/A       100%        3
 Teleport Other           Tloc           0%         N/A       100%        3
 Dispersal                Tloc           0%         N/A       100%        6


Dungeon Overview and Level Annotations

Branches:
Dungeon (11/15)            Temple (0/1) D:7            Lair (0/5) D:9
    Orc (0/2) D:10          Sewer (visited)         Ossuary (visited)
 Bailey (visited)

Altars:
Cheibriados
Dithmenos
Elyvilon
Gozag
Hepliaklqana
Nemelex Xobeh
Okawaru
Xom
Yredelemnul


Innate Abilities, Weirdness & Mutations

You have a pair of small horns on your head.
You are somewhat resistant to further mutation.
You passively map a small area around you.
You expend magic power (3 MP) to strengthen your wands.


Message History

You kill the kobold!
The cyclops throws a large rock.
The large rock hits you!!
* * * LOW HITPOINT WARNING * * *
The manticore is distracted by your dazzling golden aura.
Items here: $ ( )).
You hit the cyclops.
You headbutt the cyclops, but do no damage.
The cyclops is lightly wounded.
You slash the cyclops!
The cyclops is moderately wounded.
The manticore is no longer distracted by gold.
The kobold is no longer distracted by gold.
The cyclops hits you.
* * * LOW HITPOINT WARNING * * *
The manticore bites you.
* * * LOW HITPOINT WARNING * * *
You block the manticore's attack. The manticore closely misses you.
You feel better. The kobold barely misses you.
The cyclops is distracted by your dazzling golden aura.
The manticore bites you but does no damage.
The manticore claws you but does no damage. x2
The cyclops shouts!
You hit the cyclops.
The cyclops is no longer distracted by gold.
You headbutt the cyclops.
The cyclops is moderately wounded.
You block the kobold's attack. The manticore bites you.
* * * LOW HITPOINT WARNING * * *
The manticore claws you but does no damage.
The manticore barely misses you. The cyclops completely misses you.
As you read the scroll of fear, it crumbles to dust.
You assume a fearsome visage.
The manticore looks frightened!
The kobold looks frightened!
As you read the scroll of teleportation, it crumbles to dust.
You feel strangely unstable.
You slash the cyclops!
The cyclops is heavily wounded.
The cyclops hits you!!
You die...
Your body crumbles into a pile of gold.

###...#*♣.♣ ♣♣.♣
######.....#*. . ... #♣.♣♣
...........#♣. .♣#♣♣.♣♣#.♣♣
,
...........#.♣♣♣.#♣...♣#♣.♣♣
, , .......HK..#.♣.♣.#♣♣.♣♣
♣♣.♣♣ ,
..........!#.♣.♣.#♣...♣#
♣♣.♣ * *
*#..$...#$♣.♣.♣.~~~.♣♣♣♣♣.
#...$..C$.~....~~~....)()
,#.....$#@♣.♣.♣.~~~.♣♣♣♣♣. ,
, #......#.♣.♣.#♣...♣# ♣♣.♣
* > ,#......#.♣.♣.#♣♣.♣♣
♣♣.♣♣ *, ,
#......#.♣♣♣.#♣...♣#♣.♣♣ *
'#......#♣.*.♣#♣♣.♣♣#.♣♣
........# .*. ♣...♣#♣.♣♣
........# ♣ ♣ ♣♣.♣♣ ♣♣.♣ ..#
, ############### ..# ,
...............


You could see a manticore (fleeing), a cyclops and a kobold (fleeing).

Vanquished Creatures
  2 boulder beetles (D:11)
  2 vault guards (Bailey)
  3 two-headed ogres (D:11)
  2 skeletal warriors
  An orc knight (D:9)
  A necromancer (D:10)
  An ugly thing (D:11)
  2 cyclopes (D:11)
  An unseen horror (D:11)
  3 kobold demonologists
  An efreet (D:9)
  2 komodo dragons
  3 trolls
  2 hornets
  Prince Ribbit (Bailey)
  A wyvern (D:7)
  6 humans (Bailey)
  3 shadows
  15 yaks
  2 steam dragons
  Grum (D:9)
  A vampire mosquito (D:9)
  2 acid dragons (D:11)
  A water moccasin (D:9)
  4 orc warriors
  A black bear (shapeshifter) (D:9)
  3 ice beasts
  A black bear (D:6)
  3 ogres
  4 centaurs
  2 wolves (D:9)
  2 phantoms (D:7)
  5 kobold brigands
  A necrophage (D:6)
  11 bullfrogs
  16 wights
  A killer bee (D:11)
  3 howler monkeys
  3 hounds
  An iron imp (D:6)
  6 orc priests
  A jelly (D:5)
  Jessica (D:3)
  An iguana (D:5)
  Ijyb (D:3)
  14 orc wizards
  5 polar bear simulacra (D:10)
  3 wolf simulacra (D:10)
  A mummy (Ossuary)
  4 river rats (Sewer)
  10 adders
  A shadow imp (D:8)
  An ufetubus (D:4)
  A worm (Sewer)
  3 dart slugs
  37 orcs
  3 spectral bats (Ossuary)
  15 bats
  11 endoplasms
  7 giant cockroaches
  9 goblins
  7 hobgoblins
  4 jackals
  20 kobolds
  11 quokkas
  8 ball pythons
  2 bat simulacra (Ossuary)
  4 frilled lizards
  12 gnoll zombies (Ossuary)
  3 goblin simulacra (Ossuary)
  8 goblin zombies (Ossuary)
  5 hobgoblin zombies (Ossuary)
  2 kobold simulacra (Ossuary)
  2 kobold zombies (Ossuary)
  3 orc zombies (Ossuary)
  7 rats
  7 rat simulacra (Ossuary)
  3 river rat simulacra (D:10)
  2 spectral goblins (Ossuary)
  4 spectral kobolds (Ossuary)
  3 spectral rats (Ossuary)
372 creatures vanquished.

Vanquished Creatures (others)
  An orc (D:9)
  10 plants
11 creatures vanquished.

Grand Total: 383 creatures vanquished

Notes
Turn   | Place    | Note
-------+----------+-------------------------------------------
     0 | D:1      | Dorkslayer the Human Fighter began the quest for the Orb.
     0 | D:1      | Reached XP level 1. HP: 18/18 MP: 1/1
    84 | D:1      | Reached XP level 2. HP: 23/24 MP: 2/2
   442 | D:1      | Reached XP level 3. HP: 28/29 MP: 3/3
   823 | D:2      | Reached skill level 1 in Dodging
  1268 | D:2      | Reached skill level 1 in Stealth
  1268 | D:2      | Reached XP level 4. HP: 33/35 MP: 4/4
  1934 | D:3      | Identified the +2 ring mail "Rorghe Maec" {Int+2}
  2047 | D:3      | Noticed Ijyb
  2061 | D:3      | Killed Ijyb
  2062 | D:3      | Reached skill level 1 in Throwing
  2310 | D:3      | Reached XP level 5. HP: 37/41 MP: 5/5
  2395 | D:3      | Found a sparkling altar of Nemelex Xobeh.
  2396 | D:3      | Found a hazy altar of Hepliaklqana.
  2536 | D:3      | Noticed Jessica
  2549 | D:3      | Killed Jessica
  2733 | D:4      | Reached skill level 1 in Evocations
  2766 | D:4      | Found a glowing drain.
  2777 | Sewer    | Entered a sewer
  3015 | Sewer    | Reached XP level 6. HP: 46/47 MP: 6/6
  3138 | Sewer    | Gained mutation: You passively map a small area around you.
                  | [potion of mutation]
  3138 | Sewer    | Gained mutation: You expend magic power (3 MP) to
                  | strengthen your wands. [potion of mutation]
  3138 | Sewer    | Gained mutation: You have a pair of small horns on your
                  | head. [potion of mutation]
  3138 | Sewer    | Gained mutation: You are somewhat resistant to further
                  | mutation. [potion of mutation]
  3708 | D:4      | Found a basalt altar of Yredelemnul.
  3731 | D:4      | Reached skill level 1 in Short Blades
  3800 | D:4      | Found an opulent altar of Gozag.
  3810 | D:4      | Became a worshipper of Gozag Ym Sagoz the Greedy
  4194 | D:5      | Entered Level 5 of the Dungeon
  4259 | D:5      | Reached XP level 7. HP: 53/53 MP: 7/7
  5181 | D:6      | Reached XP level 8. HP: 13/60 MP: 8/8
  5426 | D:6      | Reached skill level 5 in Armour
  5512 | D:6      | Found an iron altar of Okawaru.
  5537 | D:6      | Found a snail-covered altar of Cheibriados.
  5594 | D:6      | Noticed a troll
  5606 | D:6      | Killed a troll
  5881 | D:6      | Found a broken altar of Ashenzari.
  5883 | D:6      | Found an ornate altar of the Wu Jian Council.
  5883 | D:6      | Found a shimmering altar of Xom.
  5885 | D:6      | Found an opulent altar of Gozag.
  5885 | D:6      | Found a bloodstained altar of Trog.
  5885 | D:6      | Found an opulent altar of Gozag.
  5941 | D:6      | Noticed a shadow
  5952 | D:6      | Killed a shadow
  6063 | D:6      | Reached XP level 9. HP: 43/66 MP: 9/9
  6312 | D:7      | Reached skill level 5 in Short Blades
  6605 | D:7      | Found a shadowy altar of Dithmenos.
  6955 | D:7      | Reached skill level 5 in Fighting
  7171 | D:7      | Reached skill level 5 in Evocations
  7525 | D:7      | Found a staircase to the Ecumenical Temple.
  7532 | D:7      | Reached XP level 10. HP: 74/74 MP: 10/10
  7795 | D:8      | Paralysed by a hornet for 1 turns
  7799 | D:8      | Reached skill level 5 in Shields
  7953 | D:8      | Found a sand-covered staircase.
  7958 | Ossuary  | Entered an ossuary
  8543 | D:8      | Reached skill level 5 in Long Blades
  9124 | D:9      | Identified the +2 falchion of Luckuzeb {vorpal, rN++ Will++
                  | Int-2}
  9346 | D:9      | Noticed Grum
  9355 | D:9      | Killed Grum
  9834 | D:9      | Reached XP level 11. HP: 23/82 MP: 7/11
 10134 | D:9      | Noticed an orc knight
 10146 | D:9      | Killed an orc knight
 10216 | D:9      | Found a staircase to the Lair.
 10546 | D:10     | Entered Level 10 of the Dungeon
 10593 | D:10     | Found a flagged portal.
 10602 | Bailey   | Entered a bailey
 11101 | Bailey   | Noticed a vault guard
 11115 | Bailey   | Killed a vault guard
 11158 | Bailey   | Noticed a vault guard
 11158 | Bailey   | Noticed Prince Ribbit
 11168 | Bailey   | Killed a vault guard
 11172 | Bailey   | Killed Prince Ribbit
 11569 | D:10     | Reached XP level 12. HP: 46/94 MP: 12/12
 12262 | D:10     | Found a staircase to the Orcish Mines.
 12532 | D:10     | Found a white marble altar of Elyvilon.
 12820 | D:11     | Noticed a boulder beetle
 12844 | D:11     | Killed a boulder beetle
 13673 | D:11     | Noticed a skeletal warrior
 13673 | D:11     | Noticed a skeletal warrior
 13673 | D:11     | Noticed a skeletal warrior
 13675 | D:11     | Noticed a skeletal warrior
 13701 | D:10     | Killed a skeletal warrior
 14144 | D:11     | Noticed a two-headed ogre
 14144 | D:11     | Noticed a boulder beetle
 14158 | D:11     | Killed a two-headed ogre
 14162 | D:11     | Killed a boulder beetle
 14380 | D:11     | Noticed a two-headed ogre
 14383 | D:11     | Noticed a two-headed ogre
 14403 | D:11     | Killed a two-headed ogre
 14409 | D:11     | Killed a two-headed ogre
 14413 | D:11     | Reached XP level 13. HP: 27/102 MP: 13/13
 14486 | D:11     | Mangled by a cyclops

Illustrated notes

Levels and vault maps discovered:
D:1:      dpeg_arrival_shrine, layout_loops_ring
D:2:      layout_loops_ring
D:3:      layout_basic, gammafunk_temple_overflow_pools, uniq_jessica, uniq_ijyb
D:4:      layout_basic, mainiacjoe_overflow_catwalk, nicolae_gozag_seed_capital,
          gup_sewer_entry_pipe, minmay_misc_feat_cross
D:5:      layout_basic
D:6:      layout_rooms, slow_altar_1, kennysheep_mini_moat, doesnt_xom_only_xom
D:7:      layout_gridville, kennysheep_mini, minmay_temple_entry_proselytizer,
          grunt_ministairs_13, nicolae_kite_square_tiling_tiny,
          bh_walls_and_bars
D:8:      layout_cave_pools, nicolae_ossuary_entry_false_entrances
D:9:      layout_long_grid, david_lair_shrubbed, minivault_25_ag, uniq_grum
D:10:     layout_gridville, kennysheep_little_box, orc_0_dummy, enter_bailey_2,
          eino_house_with_fridge
D:11:     nzn_winding_woodlands_three_and_one [nzn_winding_woodlands_5x15_eye,
          nzn_winding_woodlands_5x15_pool, nzn_winding_woodlands_5x15_sawtooth,
          nzn_winding_woodlands_center_garden], layout_irregular_city

Skill      XL: |  1  2  3  4  5  6  7  8  9 10 11 12 |
---------------+-------------------------------------+-----
Dodging        | 1 2 |  2.0
Stealth        | 1 3 4 |  4.2
Throwing       | 1 2 3 |  3.1
Long Blades    | 3 6 7 9 |  9.6
Evocations     | 1 2 3 5 6 7 8 |  8.7
Short Blades   | 1 3 4 6 |  6.7
Armour         | 4 5 6 7 8 9 |  9.1
Fighting       | 4 5 6 8 9 |  9.8
Shields        | 4 5 6 |  6.5

Action                   |  1- 3 |  4- 6 |  7- 9 | 10-12 | 13-15 || total
-------------------------+-------+-------+-------+-------+-------++-------
Melee: Long sword        |   112 |    61 |       |       |       ||   173
       Short sword       |       |   176 |   255 |    41 |       ||   472
       Headbutt          |       |    10 |    70 |   121 |     5 ||   206
       Great sword       |       |       |       |   559 |    20 ||   579
Throw: Boomerang         |       |     1 |     9 |    24 |     3 ||    37
       Dart              |       |       |       |     4 |       ||     4
       Throwing net      |       |       |       |       |     1 ||     1
Evoke: Wand              |       |     2 |    11 |    15 |       ||    28
  Use: Potion            |       |     5 |       |    13 |     2 ||    20
       Scroll            |       |     8 |     5 |     9 |     2 ||    24
 Stab: Distracted        |       |       |     1 |     2 |       ||     3
       Paralysed         |       |       |       |    17 |       ||    17
       Invisible         |       |       |       |     2 |       ||     2
Armor: Scale mail        |    51 |       |       |       |       ||    51
       Plate armour      |     7 |   186 |   144 |   485 |    11 ||   833
Dodge: Dodged            |    53 |    92 |    56 |   247 |     8 ||   456
Block: Buckler           |    25 |    73 |    60 |    15 |       ||   173
       Other             |       |       |       |   167 |     5 ||   172
       Reflection        |       |       |       |     7 |       ||     7
